 Dungeon Crawl Stone Soup version 0.26-a0-833-g7262b39652 (webtiles) character file.

Game seed: 1357607231710831721

116 Morbidden the Chiller (level 4, -2/31 HPs)
             Began as a Demonspawn Ice Elementalist on Nov 16, 2020.
             Slain by Sigmund
             ... wielding a cursed -3 scythe
              (12 damage)
             ... on level 2 of the Dungeon.
             The game lasted 00:03:20 (2468 turns).

Morbidden the Chiller (Demonspawn Ice Elementalist) Turns: 2468, Time: 00:03:21

Health: -2/31      AC:  2    Str:  9    XL:     4   Next: 70%
Magic:  4/8        EV: 12    Int: 17    God:
Gold:   101        SH:  0    Dex: 17    Spells: 5/9 levels left

rFire    . . .     SeeInvis .   (no weapon)
rCold    . . .     Faith    .   (no shield)
rNeg     . . .     Spirit   .   a - +0 robe
rPois    .         Reflect  .   (helmet restricted)
rElec    .         Harm     .   (no cloak)
rCorr    .         Rampage  .   (no gloves)
MR       .....                  (no boots)
Stlth    ++++......             (no amulet)
HPRegen  0.10/turn              (no ring)
MPRegen  0.11/turn              (no ring)

@: frozen ramparts
A: horns 1, thin skeletal structure 2
a: no special abilities


You were on level 2 of the Dungeon.
You visited 1 branch of the dungeon, and saw 2 of its levels.

You collected 101 gold pieces.

Inventory:

Missiles
 b - 3 javelins (quivered)
Armour
 a - a +0 robe (worn)
Scrolls
 c - 4 scrolls of identify {unknown}
 f - 2 scrolls of remove curse {unknown}
 h - a scroll of enchant weapon {unknown}
 k - a scroll of magic mapping {unknown}
 l - a scroll of teleportation {unknown}
Potions
 d - a potion of flight {unknown}
 e - a potion of lignification {unknown}
 g - 2 potions of curing
 i - a potion of brilliance {unknown}
 j - 2 potions of haste {unknown}


   Skills:
 * Level 0.6 Fighting
 + Level 1.8 Dodging
 + Level 1.8 Stealth
 * Level 3.1 Spellcasting
 * Level 4.9 Ice Magic


You had 5 spell levels left.
You knew the following spells:

 Your Spells              Type           Power        Failure   Level
a - Freeze                Ice            ###.         2%          1
b - Frozen Ramparts       Ice            ###...       7%          3

Your spell library contained the following spells:

 Spells                   Type           Power        Failure   Level
 Ozocubu's Armour         Ice            ###.....     7%          3
 Hailstorm                Conj/Ice       ##......     54%         4
 Summon Ice Beast         Ice/Summ       ##......     54%         4


Dungeon Overview and Level Annotations

Branches:
Dungeon (2/15)

Altars:
Makhleb

Annotations:
D:2 Sigmund


Innate Abilities, Weirdness & Mutations

You have a pair of small horns on your head.
You have a moderately thin skeletal structure. (Dex +4, Stealth+)


Message History

You can't see any susceptible monsters within range! (Use Z to cast anyway.)
Casting: Frozen Ramparts (quite dangerous; 7% risk of failure)
Confirm with . or Enter, or press ? or * to list all spells.
You don't know that spell.
Casting: Frozen Ramparts (quite dangerous; 7% risk of failure)
Confirm with . or Enter, or press ? or * to list all spells.
You can't see any susceptible monsters within range! (Use Z to cast anyway.)
Casting: Frozen Ramparts (quite dangerous; 7% risk of failure)
Confirm with . or Enter, or press ? or * to list all spells.
The spell is quite dangerous to cast (7% risk of failure)!
Continue anyway?
The walls around you are covered in ice.
You hear some strange, mumbled words.
A puff of flame appears from out of thin air!
The puff of flame hits you.
* * * LOW HITPOINT WARNING * * *
Unknown command.
Unknown command.
It was a potion of curing.
You feel better.
The wall freezes something.
Something hits you!
You die...

#.# ######### #.#
........# #.# #.# #.#
#.######.# ##.##
#........######...####
#.###.{.......#.#.....
# #.#..###.......###
#.###@#..# #......##
#.#...#..# #...#.##
#........# #####.#
#.#.###.## #.#
#.#.###.# ##'##
#.......# ##...##
###.##### ##.....##
#.##.## ##.......##
#.#...####.........#


There were no monsters in sight!

Vanquished Creatures
  A hound (D:2)
  3 adders (D:2)
  2 worms (D:2)
  3 dart slugs
  3 leopard geckos
  4 orcs (D:2)
  6 bats
  2 giant cockroaches (D:1)
  3 hobgoblins (D:1)
  A quokka (D:2)
  5 frilled lizards
  6 goblins
  A kobold (D:1)
  3 rats
43 creatures vanquished.

Notes
Turn   | Place    | Note
-------+----------+-------------------------------------------
     0 | D:1      | Morbidden the Demonspawn Ice Elementalist began the quest
                  | for the Orb.
     0 | D:1      | Reached XP level 1. HP: 13/13 MP: 3/3
   218 | D:1      | Reached skill level 4 in Ice Magic
   262 | D:1      | Gained mutation: You have a pair of small horns on your
                  | head. [demonic ancestry]
   262 | D:1      | Reached XP level 2. HP: 18/19 MP: 0/5
   988 | D:2      | Gained mutation: You have a somewhat thin skeletal
                  | structure. (Dex +2, Stealth) [demonic ancestry]
   988 | D:2      | Reached XP level 3. HP: 24/24 MP: 3/6
  1416 | D:2      | Learned a level 3 spell: Frozen Ramparts
  1452 | D:2      | Found a burning altar of Makhleb.
  1459 | D:2      | Gained mutation: You have a moderately thin skeletal
                  | structure. (Dex +4, Stealth+) [demonic ancestry]
  1459 | D:2      | Reached XP level 4. HP: 19/30 MP: 3/8
  2449 | D:2      | Noticed Sigmund
  2468 | D:2      | Slain by Sigmund

Illustrated notes

Levels and vault maps discovered:
D:1:      minmay_arrival_open_corners, layout_loops_ring
D:2:      layout_loops_corners, minmay_strange_pillars,
          makhleb_blood_cavern_becter, uniq_sigmund

Skill      XL: |  1  2  3  4 |
---------------+-------------+-----
Ice Magic      | 4 |  4.9
Spellcasting   | 3 |  3.1
Fighting       | |  0.6
Dodging        | |  1.8
Stealth        | |  1.8

Action                   |  1- 3 |  4- 6 || total
-------------------------+-------+-------++-------
Melee: Unarmed           |     6 |    12 ||    18
       Headbutt          |     2 |     2 ||     4
 Cast: Freeze            |    51 |    18 ||    69
       Frozen Ramparts   |       |     3 ||     3
  Use: Potion            |       |     1 ||     1
 Stab: Sleeping          |       |     2 ||     2
       Distracted        |       |     1 ||     1
Armor: Robe              |    13 |     3 ||    16
Dodge: Dodged            |    33 |    14 ||    47

Table legend: (Time is in decaauts)
 A = Elapsed time spent in this place.
 B = Non-inter-level travel time spent in this place.
 C = Inter-level travel time spent in this place.
 D = Time resting spent in this place.
 E = Time spent auto-exploring this place.
 F = Levels seen in this place.
 G = Mean time per level.
                   A        B        C        D        E       F      G
               +--------+--------+--------+--------+--------+-----+--------+
         Total |   2467 |   2435 |     32 |     98 |   2029 |   2 | 1233.5 |
       Dungeon |   2467 |   2435 |     32 |     98 |   2029 |   2 | 1233.5 |
               +--------+--------+--------+--------+--------+-----+--------+

Top non-repeatable levels by time:
     D:2: 1507 daAuts
     D:1: 960 daAuts
